Map: Glittering Ashes LE

Players

DPGRogue (Rogue) - Winner!

  • Race: Zerg Zerg

DPGDark (Dark)

  • Race: Zerg Zerg
  • League: Master

Event: TSL 8

VOD

Have the link to the VOD?

Description

Time

  • Played on: Dec. 5, 2021, 8:47 a.m.
  • Length: 20:50

All games in this series

Show
View Real Time Build Order
Export as new Build Order

DPGRogue Zerg - Winner!

Build Orders: Hatch First 

Get SALT Encoding   

  12  0:00  Drone  
  13  0:12  Overlord  
  13  0:16  Drone  
  14  0:30  Drone x2  
  16  0:47  Hatchery  
  15  0:50  Drone  
  15  0:53  Drone  
  15  0:57  Drone  
  18  1:08  Extractor  
  17  1:11  Spawning Pool  
  17  1:15  Drone  
  17  1:18  Drone  
  18  1:27  Drone  
  19  1:38  Drone  
  20  1:49  Drone  
  21  1:58  Queen  
  21  1:59  Queen  
  21  2:00  Zergling x2, Overlord  
  26  2:10  Drone x2  
  26  2:11  Metabolic Boost  
  28  2:21  Drone x2  
  30  2:32  Drone x2  
  30  2:36  Hatchery  
  31  2:43  Queen  
  33  2:47  Drone  
  34  2:53  Baneling Nest  
  34  2:55  Overlord  
  33  2:58  Zergling x2  
  33  3:01  Drone  
  33  3:04  Drone  
  36  3:14  Drone x5  
  36  3:17  Zergling x2  
  42  3:23  Overlord  
  42  3:25  Drone  
  43  3:27  Drone  
  43  3:32  Evolution Chamber  
  43  3:35  Drone  
  44  3:42  Lair  
  44  3:44  Drone x4  
  44  3:47  Drone  
  49  3:53  Roach Warren  
  49  3:55  Baneling  
  48  3:59  Drone x3, Extractor  
  48  4:01  Drone x2  
  52  4:08  Extractor x2  
  52  4:09  Zerg Melee Weapons Level 1  
  50  4:12  Drone x3  
  50  4:16  Zergling x4  
  55  4:19  Drone  
  55  4:20  Drone  
  55  4:21  Drone  
  58  4:28  Overlord x2  
  58  4:29  Overlord  
  58  4:33  Overlord  
  58  4:39  Overlord  
  57  4:46  Overlord  
  57  4:48  Roach x3  
  57  4:49  Roach  
  57  4:52  Drone x2  
  67  4:58  Drone  
  67  4:59  Drone x3  
  71  5:01  Drone  
  72  5:07  Spire  
  72  5:10  Drone x3  
  74  5:18  Drone x4  
  74  5:20  Pneumatized Carapace, Extractor x2  
  76  5:27  Drone x5  
  80  5:30  Drone x2  
  80  5:31  Overseer  
  86  5:35  Roach x2  
  86  5:37  Overlord  
  86  5:41  Overlord  
  86  5:45  Overlord  
  86  5:48  Overlord  
  86  5:51  Overlord  
  86  5:53  Overlord  
  86  6:00  Drone x2  
  88  6:10  Hatchery  
  87  6:16  Drone, Evolution Chamber  
  87  6:21  Mutalisk  
  87  6:22  Mutalisk x8  
  87  6:25  Mutalisk  
  105  6:28  Drone  
  105  6:32  Mutalisk  
  108  6:33  Mutalisk  
  108  6:37  Zergling x10  
  108  6:38  Zergling x2  
  108  6:39  Zergling x2  
  119  6:41  Drone x2  
  119  6:42  Drone  
  119  6:45  Mutalisk  
  124  6:49  Overlord  
  124  6:51  Mutalisk x2  
  128  6:57  Drone  
  128  6:58  Drone  
  130  7:02  Overlord  
  130  7:03  Drone x3  
  130  7:05  Extractor  
  132  7:12  Zergling x12, Baneling Nest  
  137  7:17  Drone  
  138  7:23  Extractor  
  138  7:24  Mutalisk x2  
  138  7:27  Mutalisk, Zerg Melee Weapons Level 2  
  138  7:28  Hatchery  
  142  7:35  Mutalisk  
  142  7:36  Mutalisk  
  140  7:38  Zergling x10  
  142  7:45  Mutalisk  
  142  7:47  Zergling x10  
  142  7:48  Zergling x2  
  147  7:54  Mutalisk x2  
  145  8:01  Zergling x4  
  145  8:02  Mutalisk  
  149  8:07  Mutalisk  
  142  8:13  Mutalisk  
  142  8:16  Drone  
  142  8:19  Zergling x2  
  139  8:20  Zergling x6  
  139  8:24  Drone x3  
  139  8:26  Zerg Ground Armor Level 1  
  145  8:28  Zergling x2  
  145  8:33  Hatchery  
  145  8:36  Mutalisk x2  
  145  8:37  Mutalisk  
  145  8:38  Drone x7  
  158  8:45  Overlord  
  158  8:46  Zergling x2  
  158  8:47  Zergling x6  
  158  8:48  Zergling x4  
  154  8:55  Mutalisk  
  154  8:56  Mutalisk x3  
  154  9:00  Zergling x8  
  155  9:04  Zergling x2  
  155  9:07  Zergling x8  
  155  9:09  Overlord  
  160  9:11  Zergling x6  
  160  9:16  Overseer  
  161  9:20  Zergling x2  
  161  9:21  Zergling x10  
  161  9:24  Centrifugal Hooks  
  166  9:34  Zergling x2  
  166  9:35  Zergling x16  
  172  9:40  Zergling x2  
  172  9:41  Zergling x14  
  172  9:44  Baneling x8  
  172  9:45  Baneling x3  
  178  9:48  Drone x2  
  178  9:52  Spine Crawler  
  172  9:57  Spine Crawler x2  
  172  9:59  Overseer, Spine Crawler  
  167  10:01  Baneling  
  167  10:02  Baneling x10  
  167  10:07  Spine Crawler  
  167  10:09  Drone x2  
  167  10:10  Drone x2  
  167  10:11  Overseer  
  167  10:12  Drone  
  171  10:14  Drone  
  171  10:18  Drone  
  171  10:19  Drone x4  
  171  10:20  Zergling x2  
  178  10:23  Zergling x2  
  177  10:29  Overlord  
  177  10:31  Overseer, Baneling x13  
  174  10:39  Zergling x18  
  182  10:44  Drone x2  
  182  10:49  Zergling x10  
  177  10:57  Zergling x10  
  177  11:00  Zergling x10  
  178  11:08  Drone x8  
  183  11:14  Infestation Pit  
  182  11:31  Hatchery  
  181  11:38  Zerg Ground Armor Level 2  
  181  11:46  Drone x6  
  184  11:47  Drone  
  184  11:49  Zerg Missile Weapons Level 1  
  184  11:50  Hive  
  184  11:53  Drone x2  
  184  11:54  Drone  
  188  11:58  Drone x6  
  188  11:59  Drone  
  195  12:02  Spine Crawler  
  195  12:05  Overseer  
  194  12:09  Spine Crawler  
  193  12:23  Zergling x14  
  200  12:31  Baneling x6  
  200  12:32  Baneling x27  
  200  12:39  Hatchery  
  199  12:48  Baneling x10, Hatchery  
  199  12:49  Baneling x15  
  198  12:52  Zergling x4  
  200  12:59  Spore Crawler  
  200  13:03  Zergling x2  
  200  13:05  Zergling x2  
  199  13:13  Ultralisk Cavern, Adrenal Glands  
  199  13:15  Zergling x4  
  200  13:36  Spine Crawler  
  200  13:37  Zergling x2  
  200  13:39  Zergling x2  
  200  13:40  Zergling x10, Spine Crawler  
  190  13:41  Zergling x10  
  190  13:42  Zergling x6  
  190  13:47  Zergling x26  
  187  13:50  Zergling x4  
  187  13:53  Zergling x12  
  187  13:54  Zergling x18  
  200  13:58  Zerg Ground Armor Level 3  
  200  13:59  Zerg Melee Weapons Level 3  
  200  14:02  Nydus Network, Spore Crawler  
  197  14:06  Chitinous Plating  
  197  14:08  Drone x2  
  199  14:24  Baneling x10  
  199  14:25  Baneling x28  
  199  14:26  Baneling x28  
  199  14:27  Baneling  
  199  14:31  Extractor  
  199  14:32  Extractor  
  199  14:34  Drone x2  
  199  14:44  Baneling x15  
  199  14:52  Nydus Canal  
  196  14:53  Zergling x6  
  196  14:55  Zergling x2  
  173  15:00  Zergling x2  
  173  15:04  Zergling x30  
  173  15:05  Zergling x30  
  181  15:07  Zergling x2  
  181  15:11  Nydus Canal  
  181  15:14  Drone x3  
  184  15:15  Drone x3  
  194  15:21  Ultralisk  
  194  15:24  Anabolic Synthesis  
  194  15:26  Zergling x2  
  194  15:28  Baneling x10  
  195  15:31  Zergling x4  
  195  15:32  Zergling x4  
  195  15:40  Ultralisk  
  195  15:41  Drone x2  
  195  15:42  Spine Crawler  
  199  15:47  Baneling x5  
  199  15:50  Baneling x17  
  199  15:52  Nydus Canal  
  199  15:59  Zergling x2  
  200  16:11  Ultralisk x2  
  180  16:12  Zergling x6  
  180  16:13  Drone x3  
  184  16:29  Ultralisk x2  
  184  16:32  Drone  
  197  16:33  Drone x3, Extractor  
  197  16:34  Extractor  
  197  16:37  Hatchery  
  197  16:57  Nydus Canal  
  195  17:01  Zergling x2  
  195  17:02  Zergling x6  
  199  17:22  Baneling  
  199  17:23  Baneling x5  
  199  17:25  Overseer, Overlord  
  199  17:27  Overlord  
  199  17:28  Zergling x2, Nydus Canal  
  199  17:31  Overseer  
  199  17:33  Baneling x6  
  199  17:34  Baneling x2  
  199  17:36  Zergling x2  
  197  17:51  Ultralisk  
  196  18:01  Zergling x14  
  196  18:02  Zergling x2  
  196  18:04  Overlord  
  185  18:05  Zergling x4  
  185  18:06  Zergling x8  
  185  18:07  Overlord  
  185  18:09  Ultralisk  
  196  18:17  Nydus Canal  
  196  18:22  Baneling  
  196  18:23  Baneling x3  
  196  18:26  Overseer  
  196  18:33  Overlord  
  196  18:34  Overseer x3  
  180  18:47  Ultralisk x2  
  192  18:52  Ultralisk x2  
  192  18:53  Ultralisk  
  174  18:58  Burrow  
  174  19:00  Ultralisk x5  
  197  19:07  Drone x3, Overseer  
  199  19:12  Zergling x2  
  200  19:23  Nydus Canal  
  200  19:26  Overseer x2  
  200  19:27  Overseer x3  
  200  19:28  Overlord  
  200  19:38  Extractor  
  199  19:41  Overseer  
  198  19:48  Hatchery  
  198  19:49  Nydus Canal  
  197  19:52  Ultralisk  
  197  20:01  Zergling x2  
  186  20:11  Ultralisk  
Show
View Real Time Build Order
Export as new Build Order

DPGDark Zerg 

Build Orders: Hatch First, Lurkers 

Get SALT Encoding   

  12  0:00  Drone  
  13  0:13  Overlord  
  13  0:18  Drone  
  14  0:31  Drone x2  
  16  0:49  Hatchery  
  15  0:52  Drone  
  15  0:55  Drone  
  17  0:58  Drone  
  18  1:09  Extractor  
  17  1:14  Spawning Pool  
  17  1:17  Drone  
  17  1:20  Drone  
  18  1:29  Drone  
  19  1:39  Drone  
  20  1:50  Drone  
  21  2:00  Queen x2  
  25  2:01  Drone  
  25  2:02  Zergling x2  
  27  2:12  Overlord  
  27  2:13  Drone  
  28  2:22  Metabolic Boost  
  28  2:30  Drone x2  
  28  2:33  Drone, Zergling x2  
  32  2:38  Hatchery  
  31  2:45  Queen  
  33  2:52  Baneling Nest  
  33  2:58  Overlord  
  32  2:59  Drone  
  32  3:03  Drone x2  
  35  3:17  Drone x4  
  35  3:18  Drone  
  40  3:20  Overlord  
  40  3:22  Drone  
  40  3:25  Drone  
  42  3:27  Drone  
  43  3:35  Overlord  
  43  3:37  Zergling x2  
  43  3:39  Drone  
  45  3:43  Evolution Chamber  
  45  3:44  Drone x2  
  45  3:45  Drone  
  45  3:47  Drone x2  
  49  3:51  Zergling x4  
  49  3:52  Extractor  
  49  3:53  Drone  
  49  3:55  Drone  
  52  4:03  Drone x2  
  52  4:04  Roach Warren  
  52  4:06  Drone  
  52  4:09  Zerg Missile Weapons Level 1  
  53  4:11  Drone  
  53  4:12  Drone  
  53  4:14  Drone  
  53  4:16  Drone  
  57  4:19  Lair  
  57  4:22  Extractor x2  
  57  4:23  Drone x2  
  57  4:25  Drone  
  57  4:28  Overlord  
  57  4:31  Drone x2  
  60  4:33  Drone  
  60  4:34  Drone  
  62  4:42  Overlord  
  61  4:46  Roach  
  61  4:47  Roach  
  61  4:48  Overlord  
  61  4:52  Overlord  
  65  4:57  Overlord  
  65  4:58  Overlord  
  65  5:01  Roach  
  65  5:02  Roach  
  69  5:10  Roach x4  
  69  5:11  Roach x2  
  69  5:12  Drone  
  69  5:13  Drone  
  85  5:14  Roach  
  85  5:18  Overseer  
  85  5:19  Glial Reconstitution  
  85  5:20  Drone  
  86  5:21  Roach  
  86  5:23  Overlord  
  86  5:27  Pneumatized Carapace  
  88  5:30  Drone x4  
  88  5:32  Drone, Extractor  
  88  5:34  Drone x2  
  94  5:37  Drone x2  
  94  5:39  Drone  
  94  5:41  Drone  
  98  5:44  Drone  
  98  5:46  Drone  
  98  5:49  Extractor  
  99  5:54  Drone x2  
  101  5:58  Hatchery  
  101  5:59  Evolution Chamber  
  101  6:00  Overseer  
  99  6:13  Drone  
  99  6:14  Drone, Spore Crawler  
  99  6:16  Drone  
  99  6:17  Spore Crawler  
  100  6:18  Spore Crawler  
  100  6:20  Baneling x6  
  100  6:22  Roach x5  
  100  6:25  Zerg Ground Armor Level 1  
  109  6:28  Roach x2  
  113  6:33  Roach x3  
  113  6:38  Roach  
  121  6:40  Overlord  
  121  6:41  Overlord  
  121  6:46  Overlord  
  121  6:47  Overlord x2  
  121  6:54  Overlord  
  121  6:55  Overlord  
  121  6:59  Spore Crawler  
  121  7:00  Queen x2  
  124  7:07  Drone x2  
  124  7:09  Hydralisk Den  
  124  7:10  Drone x2  
  124  7:12  Spore Crawler  
  124  7:14  Queen x2, Spore Crawler  
  127  7:24  Drone x4  
  127  7:29  Spore Crawler  
  131  7:36  Queen  
  130  7:39  Hydralisk x6, Infestation Pit  
  130  7:43  Hydralisk  
  134  7:48  Hydralisk  
  129  7:51  Roach  
  126  8:01  Tunneling Claws, Spore Crawler  
  126  8:02  Burrow, Spore Crawler  
  126  8:05  Hydralisk, Roach  
  124  8:06  Hydralisk  
  124  8:09  Hydralisk  
  121  8:15  Hydralisk x2  
  121  8:18  Pathogen Glands  
  125  8:24  Drone x4  
  125  8:26  Drone x2  
  131  8:38  Drone  
  131  8:40  Spore Crawler  
  131  8:43  Overlord x4  
  131  8:45  Drone x2  
  133  9:00  Overlord x3  
  133  9:04  Infestor x4  
  133  9:05  Evolution Chamber  
  133  9:07  Infestor  
  133  9:08  Infestor  
  133  9:09  Infestor  
  146  9:14  Overlord  
  146  9:15  Roach x14  
  146  9:18  Roach x14  
  146  9:23  Lurker Den  
  142  9:25  Roach x6  
  142  9:30  Spore Crawler  
  153  9:35  Roach  
  147  9:41  Roach  
  147  9:42  Drone x18, Roach  
  147  9:43  Roach x4  
  156  9:50  Hive  
  146  10:01  Hydralisk x2  
  146  10:03  Hydralisk  
  146  10:04  Queen  
  146  10:05  Queen  
  156  10:11  Roach x6  
  156  10:14  Hydralisk  
  156  10:15  Hydralisk  
  156  10:18  Roach x7  
  156  10:20  Lurker x3, Spore Crawler  
  161  10:23  Drone x3  
  161  10:28  Drone x4  
  165  10:29  Roach x3  
  165  10:32  Spore Crawler  
  165  10:33  Drone  
  165  10:36  Roach x3  
  166  10:42  Lurker x2  
  166  10:43  Lurker  
  166  10:49  Spore Crawler  
  167  10:51  Spore Crawler  
  154  11:07  Drone x5, Viper  
  154  11:09  Roach x3  
  140  11:11  Viper  
  143  11:18  Spore Crawler  
  143  11:21  Roach x2, Seismic Spines  
  143  11:22  Roach, Spore Crawler  
  143  11:23  Drone x3  
  143  11:24  Spore Crawler  
  143  11:26  Spore Crawler  
  143  11:29  Overlord x2  
  142  11:34  Viper  
  139  11:43  Drone  
  140  11:49  Grooved Spines  
  140  11:52  Drone x4  
  140  11:53  Drone x4  
  148  11:56  Drone  
  148  11:59  Spore Crawler  
  144  12:04  Evolution Chamber x2  
  144  12:06  Viper  
  145  12:11  Lurker  
  145  12:14  Lurker  
  147  12:17  Overlord  
  147  12:18  Adaptive Talons  
  147  12:19  Spore Crawler  
  146  12:24  Hydralisk x3  
  146  12:26  Hydralisk  
  154  12:33  Lurker  
  154  12:35  Spore Crawler  
  150  12:48  Hydralisk  
  150  12:49  Zerg Missile Weapons Level 2  
  150  12:51  Hatchery  
  149  12:52  Drone x6  
  155  12:58  Zerg Ground Armor Level 2  
  155  13:09  Overseer, Spore Crawler  
  154  13:12  Extractor  
  154  13:14  Drone x3, Extractor  
  155  13:22  Muscular Augments  
  155  13:23  Drone x4  
  155  13:25  Spore Crawler  
  158  13:27  Hydralisk  
  158  13:28  Hydralisk x3  
  166  13:38  Spore Crawler  
  161  13:46  Drone x5  
  145  13:54  Roach  
  141  13:56  Drone  
  141  13:58  Drone  
  143  14:03  Drone, Extractor  
  143  14:11  Hatchery  
  143  14:15  Lurker x2  
  143  14:16  Drone  
  145  14:22  Drone  
  144  14:26  Drone  
  144  14:28  Drone, Spore Crawler  
  145  14:33  Drone x2  
  147  14:38  Extractor  
  147  14:39  Lurker  
  147  14:43  Lurker  
  147  14:45  Drone, Spore Crawler  
  148  14:49  Lurker  
  148  14:51  Drone  
  149  15:04  Drone x7  
  144  15:07  Drone  
  144  15:13  Drone  
  146  15:17  Lurker x3  
  146  15:21  Drone  
  150  15:23  Drone  
  150  15:24  Spore Crawler  
  150  15:31  Lurker  
  151  15:41  Hydralisk x2  
  151  15:42  Spore Crawler x2  
  153  15:44  Drone  
  153  15:45  Drone x2  
  153  15:46  Lurker  
  153  15:47  Drone  
  158  15:55  Spore Crawler  
  157  15:58  Hydralisk  
  159  16:10  Hydralisk x2  
  163  16:13  Drone, Lurker  
  163  16:14  Lurker x2  
  163  16:18  Drone, Spore Crawler  
  166  16:25  Drone x2, Spore Crawler  
  166  16:32  Zerg Missile Weapons Level 3  
  168  16:34  Lurker  
  169  16:41  Lurker x3  
  172  16:50  Viper  
  172  16:51  Viper x3  
  184  16:55  Overlord  
  183  17:21  Hatchery  
  182  17:24  Overlord x2  
  182  17:40  Spore Crawler  
  182  17:44  Spore Crawler x2  
  125  18:09  Drone  
  125  18:10  Drone x5  
  130  18:13  Hatchery  
  129  18:21  Drone  
  129  18:22  Drone x2  
  132  18:35  Drone x2  
  134  18:45  Drone  
  135  18:49  Hatchery  
  135  18:53  Roach x6  
  128  18:57  Drone x2  
  128  19:02  Drone  
  129  19:10  Drone x2  
  129  19:14  Drone  
  132  19:22  Roach  
  132  19:23  Hydralisk, Roach  
  134  19:36  Drone x3  
  134  19:38  Drone  
  134  19:51  Hydralisk x3  
  136  19:53  Lurker  
  137  20:00  Spore Crawler  
  97  20:16  Hydralisk  
  97  20:17  Hydralisk x2  
Tags
 
Add a new tag
Caveats
  • Supply blocks, unpowered buildings, or Contaminate may cause inaccurate times.
  • Supply counts are checked every 10 seconds.